 Dungeon Crawl Stone Soup version 0.26-a0-854-gdc81c2f471 (webtiles) character file.

Game seed: 11224019672969880487

505 stormannnn the Skirmisher (level 6, -4/57 HPs)
             Began as a Minotaur Fighter on Nov 23, 2020.
             Was a Follower of Makhleb.
             Killed by divine providence
             ... invoked by an orc priest
              (12 damage)
             ... on level 4 of the Dungeon.
             The game lasted 00:02:42 (2420 turns).

stormannnn the Skirmisher (Minotaur Fighter)        Turns: 2420, Time: 00:02:42

Health: -4/57      AC: 12    Str: 22    XL:     6   Next: 96%
Magic:  14/14      EV:  6    Int:  7    God:    Makhleb [*.....]
Gold:   98         SH: 10    Dex: 13    Spells: 5/5 levels left

rFire    . . .     SeeInvis .   a - +0 war axe
rCold    . . .     Faith    .   c - +0 kite shield
rNeg     . . .     Spirit   .   v - +1 chain mail of Hestriara {rElec MP+9 Int+2 Dex+3}
rPois    .         Reflect  .   (helmet restricted)
rElec    +         Harm     +   l - scarf {harm}
rCorr    .         Rampage  .   (no gloves)
MR       .....                  u - +0 pair of boots
Stlth    ..........             f - amulet of the acrobat
HPRegen  0.19/turn              (no ring)
MPRegen  0.14/turn              (no ring)

@: no status effects
A: retaliatory headbutt, horns 2
a: Renounce Religion


You were on level 4 of the Dungeon.
You worshipped Makhleb.
Makhleb was aware of your devotion.
You visited 1 branch of the dungeon, and saw 4 of its levels.

You collected 98 gold pieces.

Inventory:

Hand Weapons
 a - a +0 war axe (weapon)
Armour
 b - a +0 scale mail
 c - a +0 kite shield (worn)
 l - a scarf of harm (worn)
 u - a +0 pair of boots (worn)
 v - the +1 chain mail of Hestriara (worn) {rElec MP+9 Int+2 Dex+3}
   (You found it on level 4 of the Dungeon)

   It affects your intelligence (+2).
   It affects your dexterity (+3).
   It insulates you from electricity.
   It affects your magic capacity (+9).
Jewellery
 f - an amulet of the acrobat (around neck)
Scrolls
 e - a scroll of fear {unknown}
 g - 2 scrolls of identify {unknown}
 j - 2 scrolls of random uselessness {unknown}
 k - 2 scrolls of teleportation {unknown}
 m - 3 scrolls of remove curse {unknown}
 q - 2 scrolls of fog {unknown}
 w - a scroll of enchant armour {unknown}
Potions
 d - a potion of might
 h - a potion of haste {unknown}
 i - a potion of berserk rage {unknown}
 n - 2 potions of brilliance {unknown}
 o - a potion of resistance
 p - 3 potions of curing {unknown}
 r - 2 potions of flight {unknown}
 s - a potion of cancellation {unknown}
 t - a potion of attraction {unknown}


   Skills:
 * Level 6.2 Fighting
 * Level 5.5 Axes
 + Level 5.0 Armour
 + Level 5.1 Shields


You had 5 spell levels left.
You didn't know any spells.
Your spell library was empty.

Dungeon Overview and Level Annotations

Branches:
Dungeon (4/15)
 Temple: D:4-7

Altars:
Makhleb
Qazlal


Innate Abilities, Weirdness & Mutations

You reflexively headbutt those who attack you in melee.
You have a pair of horns on your head.


Message History

You hit something but do no damage. Something hits you but does no damage.
You hear some strange, mumbled words.
Something tries to affect you, but you resist.
You closely miss something. Something hits you but does no damage.
You slash something! Makhleb accepts your kill.
Reactivating autopickup.
You feel a bit more experienced.
Your Armour skill increases to level 5!
You hit the orc priest.
The orc priest is lightly wounded.
The orc priest hits you but does no damage.
The orc priest mumbles some strange prayers to Beogh against you.
Beogh smites you!
* * * LOW HITPOINT WARNING * * *
You hit the orc priest.
The orc priest is moderately wounded.
The orc priest calls down the wrath of Beogh upon you.
Beogh smites you!
You die...

.# ####.# #....#
######....##
#..........#
#..........#
#....†.....########
##.###....##......#
#### #@#
#....##.###..#
.....###o#
##.#.......#..
.......)o#
#.####.###..#
###.##..# #.# #.#
#.#. #.....# #.#
#.# #... #..#.##
#.# #.# #..† #..#..
#.####.###... #.
##. #.##.......#.
#. .# #.##.#.######


You could see an orc priest and an orc.

Vanquished Creatures
  Grinder (D:3)
  A scorpion (D:4)
  Jessica (D:3)
  Terence (D:3)
  2 orc wizards (D:4)
  3 gnolls (D:2)
  2 adders
  An ooze (D:2)
  A worm (D:3)
  3 dart slugs (D:1)
  3 leopard geckos
  9 orcs
  A ball python (D:2)
  9 giant cockroaches
  12 goblins
  6 hobgoblins
  4 jackals (D:2)
  7 kobolds
  2 quokkas
  6 bats
  7 frilled lizards
  5 rats
87 creatures vanquished.

Notes
Turn   | Place    | Note
-------+----------+-------------------------------------------
     0 | D:1      | stormannnn the Minotaur Fighter began the quest for the
                  | Orb.
     0 | D:1      | Reached XP level 1. HP: 19/19 MP: 0/0
   219 | D:1      | Reached XP level 2. HP: 26/27 MP: 1/1
   392 | D:1      | Reached skill level 4 in Fighting
   625 | D:2      | Reached XP level 3. HP: 27/33 MP: 2/2
   999 | D:2      | Reached XP level 4. HP: 41/41 MP: 3/3
  1207 | D:2      | Found a stormy altar of Qazlal.
  1561 | D:3      | Noticed Grinder
  1573 | D:3      | Killed Grinder
  1574 | D:3      | Reached skill level 5 in Fighting
  1574 | D:3      | Reached XP level 5. HP: 35/50 MP: 4/4
  1574 | D:3      | Reached XP level 6. HP: 40/57 MP: 5/5
  1688 | D:3      | Found a burning altar of Makhleb.
  1717 | D:3      | Became a worshipper of Makhleb the Destroyer
  1792 | D:3      | Noticed Jessica
  1799 | D:3      | Killed Jessica
  1800 | D:3      | Reached skill level 5 in Axes
  1839 | D:3      | Noticed Terence
  1855 | D:3      | Killed Terence
  1856 | D:3      | Reached skill level 5 in Shields
  2183 | D:4      | Reached skill level 6 in Fighting
  2255 | D:4      | Got a transparent chain mail
  2266 | D:4      | Identified the +1 chain mail of Hestriara {rElec MP+9 Int+2
                  | Dex+3} (You found it on level 4 of the Dungeon)
  2396 | D:4      | Reached * piety under Makhleb
  2419 | D:4      | Reached skill level 5 in Armour
  2420 | D:4      | Killed from afar by an orc priest

Illustrated notes

Levels and vault maps discovered:
D:1:      eino_arrival_tree_alley, layout_rooms
D:2:      layout_basic, grunt_qazlal_sundering, serial_park_tiny_pond
D:3:      layout_basic, bloody_makhleb, uniq_jessica, uniq_grinder, uniq_terence
D:4:      layout_loops_ring

Skill      XL: |  1  2  3  4  5  6 |
---------------+-------------------+-----
Fighting       | 4 5 6 |  6.2
Axes           | 3 4 5 |  5.5
Shields        | 4 5 |  5.1
Armour         | 4 5 |  5.0

Action                   |  1- 3 |  4- 6 || total
-------------------------+-------+-------++-------
Melee: War axe           |    77 |   119 ||   196
       Headbutt          |    11 |    12 ||    23
Armor: Scale mail        |    38 |    34 ||    72
       Chain mail        |       |    20 ||    20
Dodge: Dodged            |    24 |    33 ||    57
Block: Kite shield       |    43 |    70 ||   113

Table legend: (Time is in decaauts)
 A = Elapsed time spent in this place.
 B = Non-inter-level travel time spent in this place.
 C = Inter-level travel time spent in this place.
 D = Time resting spent in this place.
 E = Time spent auto-exploring this place.
 F = Levels seen in this place.
 G = Mean time per level.
                   A        B        C        D        E       F      G
               +--------+--------+--------+--------+--------+-----+--------+
         Total |   2493 |   2313 |    180 |    130 |   1624 |   4 |  623.2 |
       Dungeon |   2493 |   2313 |    180 |    130 |   1624 |   4 |  623.2 |
               +--------+--------+--------+--------+--------+-----+--------+

Top non-repeatable levels by time:
     D:2: 965 daAuts
     D:1: 634 daAuts
     D:3: 602 daAuts
     D:4: 290 daAuts
